cohdb
Replays
Latest Replays
All Replays
Popular Replays
Top Player Replays
Match Explorer
How It Works
Community
CoH3 Stats
Reddit
Sign in to upload your games and track your stats! →
Sign in with Steam
Match 41411397
Unlisted
Match 41411397
Overview
Messages
Build Orders
End
Kradschützen Motorcycle Team
Selects Italian Infantry
250 Light Carrier
250 Light Carrier
Construct Light Support Kompanie
Construct Mechanized Kompanie
Selects Guastatori Squad
Selects Guastatori Squad
Selects L6/40 Light Tank Combat Group
Guastatori Squad
L6/40 Light Tank Combat Group
Guastatori Squad
Construct Mechanized Kompanie
Selects Defensive Operations
Panzerjäger Mechanized Group
Construct Panzerarmee Kommand
Panzer III L Medium Tank
Vehicle Survival Package
Selects Prepared Positions
Rapid Advance
2.5-tonne Medical Truck
Armored Reserves
Tungsten Core Ammunition
Selects Towed Cannone da 105/28 Field Howitzer
Emergency Repair Kits
Advanced Optics
Tiger Heavy Tank
Selects Obice 305mm Barrage
Obice 305mm Barrage
三哈
阿狸
Kanna Scarlet
HolyMolyEmpire
[HAN]Diederick Kastner
焱
宝多六花
帝国の突撃隊
0
0
Comments
sign in to comment!
No comments posted yet!